 Dungeon Crawl Stone Soup version 0.29-a0-474-gdfe5cd1 (webtiles) character file.

Game seed: 9632502994819038111

17728 Think the Slicer (level 12, -1/78 HPs)
             Began as an Octopode Fighter on May 23, 2022.
             Was a High Priest of Hepliaklqana.
             Succumbed to a cane toad's poison
             ... on level 8 of the Dungeon.
             The game lasted 00:40:18 (15037 turns).

Think the Slicer (Octopode Fighter)                Turns: 15037, Time: 00:40:19

Health: -1/78      AC:  5    Str: 19    XL:     12   Next: 51%
Magic:  21/21      EV: 17    Int: 20    God:    Hepliaklqana [*****.]
Gold:   782        SH: 11    Dex: 19    Spells: 8/11 levels left

rFire   + . .      SeeInvis +   y - +3 dagger (protect)
rCold   . . .      Faith    .   V - +0 buckler "Tefyffod" {Fly Int+4 SInv}
rNeg    + . .      Spirit   .   (helmet restricted)
rPois   .          Reflect  +   n - amulet of reflection
rElec   .          Harm     .   f - +4 ring of protection
rCorr   .          Rampage  .   E - +6 ring of intelligence
Will    .....                   D - ring of positive energy
Stlth   ++++......              K - ring of magical power
HPRegen 0.23/turn               Q - +6 ring of dexterity
MPRegen 0.17/turn               (no ring)
                                (no ring)
                                (no ring)

@: lethally poisoned (-1 -> -18), flying
A: reduced essence, almost no armour, amphibious, 8 rings, camouflage 1,
gelatinous body 1, (nimble swimmer 1), tentacles, fire resistance 1
a: Renounce Religion, Recall Ancestor, Ancestor Identity, Transference, Idealise


You were on level 8 of the Dungeon.
You worshipped Hepliaklqana.
Hepliaklqana was extremely pleased with you.
You visited 3 branches of the dungeon, and saw 15 of its levels.
You also visited: Sewer.

You collected 782 gold pieces.

Inventory:

Hand Weapons
 h - a +4 double sword of freezing
 y - a +3 dagger of protection (weapon)
 G - a +3 scimitar of flaming
 I - a +5 quick blade
 M - a +3 dagger of chaos
 O - a +2 dagger of electrocution
Missiles
 r - 5 boomerangs (quivered)
 X - a throwing net
Armour
 b - a +0 buckler
 V - the +0 buckler "Tefyffod" (worn) {Fly Int+4 SInv}
   (You acquired it on level 12 of the Dungeon)

   Int:       It affects your intelligence (+4).
   SInv:      It lets you see invisible.
   Fly:       It grants you flight.
Jewellery
 e - a ring of ice
 f - a +4 ring of protection (left tentacle)
 n - an amulet of reflection (around mantle)
 o - an amulet of magic regeneration
 s - a ring of positive energy
 D - a ring of positive energy (on tentacle)
 E - a +6 ring of intelligence (right tentacle)
 K - a ring of magical power (on tentacle)
 P - an amulet of faith
 Q - a +6 ring of dexterity (on tentacle)
Wands
 F - a wand of mindburst (3)
 H - a wand of charming (6)
 J - a wand of polymorph (14)
 L - a wand of paralysis (7)
 N - a wand of iceblast (3)
Scrolls
 a - 2 scrolls of fog {unknown}
 g - a scroll of silence
 j - 7 scrolls of identify
 k - a scroll of fear
 l - 7 scrolls of immolation
 t - a scroll of summoning
 w - 2 scrolls of magic mapping
 x - 4 scrolls of poison
 z - a scroll of amnesia
 C - a scroll of blinking
 R - a scroll of vulnerability {unknown}
 S - a scroll of teleportation {unknown}
 T - 3 scrolls of noise
Potions
 c - 3 potions of might
 d - 3 potions of berserk rage
 i - 5 potions of degeneration
 m - 3 potions of lignification
 p - 2 potions of brilliance
 q - 3 potions of cancellation
 u - 4 potions of haste
 v - a potion of magic {unknown}
 A - 5 potions of curing
 B - a potion of resistance
 U - a potion of attraction {unknown}


   Skills:
 * Level 9.7 Fighting
 - Level 14.6 Short Blades
 + Level 7.1 Dodging
 - Level 5.0 Stealth
 + Level 7.0 Shields
 - Level 4.0 Ice Magic
 - Level 2.0 Evocations


You had 8 spell levels left.
You knew the following spells:

 Your Spells              Type           Power      Damage    Failure   Level
a - Ozocubu's Armour      Ice            16%        N/A       14%         3

Your spell library contained the following spells:

 Spells                   Type           Power      Damage    Failure   Level
 Sandblast                Erth           0%         2d4       24%         1
 Passwall                 Tmut/Erth      0%         N/A       36%         2
 Gell's Gravitas          Tloc           0%         N/A       58%         3
 Stone Arrow              Conj/Erth      0%         3d7       58%         3
 Summon Guardian Golem    Hex/Summ       0%         N/A       58%         3
 Teleport Other           Tloc           0%         N/A       58%         3
 Fulminant Prism          Conj/Hex       0%         3d6       94%         4
 Iskenderun's Mystic Bla  Conj/Tloc      0%         2d3       94%         4
 Leda's Liquefaction      Hex/Erth       0%         N/A       94%         4
 Metabolic Englaciation   Hex/Ice        4%         N/A       96%         5
 Lee's Rapid Deconstruct  Erth           0%         3d5*      100%        5
 Dispersal                Tloc           0%         N/A       100%        6
 Simulacrum               Ice/Necr       4%         N/A       100%        6
 Statue Form              Tmut/Erth      0%         N/A       100%        6
 Orb of Destruction       Conj           0%         9d5       100%        7
 Spellforged Servitor     Conj/Summ      0%         N/A       100%        7


Dungeon Overview and Level Annotations

Branches:
Dungeon (12/15)            Temple (0/1) D:6            Lair (1/6) D:8
    Orc (2/2) D:9           Sewer (visited)
    Elf: Orc:2

Altars:
Dithmenos
Hepliaklqana
Okawaru
Qazlal
Sif Muna
Uskayaw
Yredelemnul

Annotations:
D:2 1 runed translucent door, Crazy Yiuf


Innate Abilities, Weirdness & Mutations

Your life essence is reduced to manifest your ancestor. (-10% HP)
You cannot wear most types of armour.
You are amphibious.
You can wear up to eight rings at the same time.
Your skin changes colour to match your surroundings (Stealth+).
Your rubbery body absorbs attacks. (AC +1, EV +1)
((You are camouflaged when in or above water. (Stealth+)))
You have tentacles for arms and can constrict up to eight enemies at once.
Your flesh is heat resistant. (rF+)


Message History

You hit the yak but do no damage. You squeeze the yak.
You kill the yak!
Your Shields skill increases to level 7!
You swap places.
You hit the yak.
The yak is heavily wounded.
Azageres casts a spell at the yak.
The yak resists with significant effort.
You hit the yak. You squeeze the yak!
The yak is almost dead.
The yak barely misses you.
You hit the yak but do no damage. You squeeze the yak.
You kill the yak!
No target in view!
Ancestor HP restored.
HP restored.
You see here a yak corpse.
Things that are here:
a +0 robe; a +3 short sword
Things that are here:
4 poisoned darts; a +0 club
There is a stone staircase leading down here.
You see here a yak corpse.
You see here a yak corpse.
There is a staircase to the Lair here.
You fly downwards.
Welcome back to the Lair of Beasts!
The yak gores you! The yak barely misses you. The komodo dragon bites you!!
You block the cane toad's attack. You block the yak's attack.
The yak gores you. The komodo dragon bites you!
The cane toad barely misses you.
There is a staircase back to the Dungeon, spattered with blood here.
Azageres points at the yak and mumbles some strange words.
The yak seems to slow down.
You block the yak's attack. The cane toad stings you!!
* * * LOW HITPOINT WARNING * * *
You are lethally poisoned!
The cane toad poisons you! The yak closely misses you.
The komodo dragon closely misses you.
You fly upwards.
Welcome back to the Dungeon!
You die...

...# #.###.##(######### #.....
...# #.# #.###.......# #..#.#
...# #.###.###.#####.# #....#
...### #.....#...#####.# #..###
.....# #.###.#......##.# #..###
####.####.# #.....##.##.####.(<..
.....#....###.###Y##..........###
.....#........##FRlY....#######
#......)>..#####@########
###..#.([..# ### .....#..)(.#
#....###.### #.#.## #.# #...#
#.###### ....# #......# ....#
#....#.# ....# ##.#.#.#


You could see the friendly Azageres the hexer, a komodo dragon, 2 yaks and a
cane toad.

Vanquished Creatures
  A centaur warrior (D:9)
  A two-headed ogre (D:10)
  Urug (D:12)
  A manticore (D:12)
  A smoke demon (D:12)
  A gargoyle (D:11)
  Joseph (D:8)
  Maggie (D:8)
  A kobold demonologist (D:11)
  3 komodo dragons (Lair:1)
  A troll (D:9)
  A hornet (D:9)
  A wraith (D:12)
  21 yaks
  3 shadows
  2 basilisks
  2 humans (D:11)
  A steam dragon (D:7)
  6 vampire mosquitoes (D:12)
  2 wargs
  2 water moccasins
  6 orc warriors
  2 black bears
  Pargi (Sewer)
  A sky beast (D:6)
  2 centaurs
  An ogre (D:10)
  4 kobold brigands
  2 bullfrogs
  A necrophage (D:8)
  2 scorpions (D:6)
  9 wights
  7 killer bees
  3 howler monkeys (D:10)
  A hexer (Lair:1)
  4 centaur zombies (D:8)
  4 hounds
  A jelly (D:6)
  An iron imp (D:12)
  A human zombie (D:8)
  3 orc priests
  2 iguanas
  10 orc wizards
  A killer bee zombie (D:8)
  2 river rats (D:3)
  9 adders
  2 shadow imps
  2 white imps
  An ufetubus (D:7)
  7 worms
  2 dart slugs
  26 orcs
  6 ball pythons
  7 bats
  4 endoplasms
  3 giant cockroaches
  6 goblins
  9 hobgoblins
  8 jackals (D:1)
  4 quokkas
  12 frilled lizards
  17 kobolds
  13 rats
263 creatures vanquished.

Vanquished Creatures (collateral kills)
  Erica (D:11)
  2 cyclopes (D:12)
  2 cane toads (Lair:1)
  Psyche (D:8)
  2 trolls
  Sigmund (D:6)
  A vampire (D:11)
  2 yaks
  A water moccasin (D:6)
  A hornet zombie (D:8)
  A bullfrog (D:6)
  3 wights (D:8)
  2 hounds (D:6)
  An orc priest (D:7)
  A jelly (D:6)
  An iguana (D:6)
  An orc wizard (D:12)
  2 adders
  7 orcs
33 creatures vanquished.

Vanquished Creatures (others)
  3 hexers
  An ancestor (Sewer)
  4 plants (Lair:1)
8 creatures vanquished.

Grand Total: 304 creatures vanquished

Notes
Turn   | Place    | Note
-------+----------+-------------------------------------------
     0 | D:1      | Think the Octopode Fighter began the quest for the Orb.
     0 | D:1      | Reached XP level 1. HP: 16/16 MP: 1/1
   165 | D:1      | Reached XP level 2. HP: 17/21 MP: 2/2
   375 | D:1      | Reached skill level 3 in Short Blades
   700 | D:1      | Reached XP level 3. HP: 26/26 MP: 3/3
  1527 | D:2      | Reached skill level 4 in Short Blades
  1777 | D:2      | Found a faded altar of an unknown god.
  1791 | D:2      | Prayed at the altar of an unknown god.
  1791 | D:2      | Became a worshipper of Hepliaklqana the Forgotten
  1791 | D:2      | Reached * piety under Hepliaklqana
  2013 | D:2      | Found a runed translucent door.
  2014 | D:2      | Noticed Crazy Yiuf
  2127 | D:3      | Reached XP level 4. HP: 27/27 MP: 4/4
  2329 | D:3      | Reached skill level 5 in Short Blades
  2341 | D:3      | Found a glowing drain.
  2344 | D:3      | Reached XP level 5. HP: 29/32 MP: 5/5
  2354 | Sewer    | Entered a sewer
  2451 | Sewer    | Noticed Pargi
  2507 | Sewer    | Killed Pargi
  2508 | Sewer    | Reached skill level 6 in Short Blades
  2508 | Sewer    | Reached XP level 6. HP: 6/37 MP: 6/6
  3485 | D:3      | Reached ** piety under Hepliaklqana
  3486 | D:3      | Remembered your ancestor Azageres as a hexer
  4011 | D:4      | Learned a level 3 spell: Ozocubu's Armour
  4070 | D:4      | Noticed a water moccasin
  4078 | D:4      | Killed a water moccasin
  4079 | D:4      | Reached skill level 7 in Short Blades
  4079 | D:4      | Reached XP level 7. HP: 41/41 MP: 7/7
  4192 | D:5      | Entered Level 5 of the Dungeon
  4747 | D:5      | Found a shimmering blue altar of Sif Muna.
  4894 | D:6      | Reached *** piety under Hepliaklqana
  4902 | D:6      | Reached skill level 8 in Short Blades
  5032 | D:6      | Noticed Sigmund
  5041 | D:6      | Killed Sigmund
  5042 | D:6      | Reached skill level 9 in Short Blades
  5042 | D:6      | Reached XP level 8. HP: 16/46 MP: 8/8
  5049 | D:6      | Gained mutation: You do not regenerate when monsters are
                  | visible. [potion of mutation]
  5049 | D:6      | Gained mutation: You are strong-willed. (Will+) [potion of
                  | mutation]
  5050 | D:6      | Lost mutation: You are strong-willed. (Will+) [potion of
                  | mutation]
  5050 | D:6      | Lost mutation: You do not regenerate when monsters are
                  | visible. [potion of mutation]
  5050 | D:6      | Gained mutation: Your flesh is heat resistant. (rF+)
                  | [potion of mutation]
  5724 | D:6      | Reached skill level 10 in Short Blades
  5995 | D:6      | Found a shadowy altar of Dithmenos.
  5995 | D:6      | Found a hide-covered altar of Uskayaw.
  6220 | D:6      | Found a staircase to the Ecumenical Temple.
  6596 | D:7      | Reached skill level 11 in Short Blades
  6608 | D:7      | Reached XP level 9. HP: 29/50 MP: 9/9
  7155 | D:8      | Reached **** piety under Hepliaklqana
  7222 | D:8      | Reached skill level 12 in Short Blades
  7780 | D:8      | Noticed Joseph
  7808 | D:8      | Found a staircase to the Lair.
  7838 | D:8      | Killed Joseph
  7839 | D:8      | Reached skill level 13 in Short Blades
  8072 | D:8      | Found a stormy altar of Qazlal.
  8183 | D:8      | Noticed Maggie
  8189 | D:8      | Killed Maggie
  8190 | D:8      | Reached XP level 10. HP: 47/56 MP: 10/10
  8269 | D:8      | Reached skill level 14 in Short Blades
  8452 | D:8      | Found a basalt altar of Yredelemnul.
  8615 | D:8      | Noticed Psyche
  8623 | D:8      | Paralysed by Psyche for 2 turns
  8627 | D:8      | Killed Psyche
  8902 | Lair:1   | Entered Level 1 of the Lair of Beasts
  9018 | D:9      | Found a staircase to the Orcish Mines.
  9326 | D:9      | Reached skill level 1 in Stealth
  9352 | D:9      | You fall into a shaft and drop 3 floors!
  9389 | D:11     | Noticed Erica
  9394 | D:11     | Killed Erica
  9616 | D:11     | Noticed a gargoyle
  9616 | D:11     | Noticed a kobold demonologist
  9619 | D:11     | Noticed a smoke demon
  9628 | D:11     | Killed a gargoyle
  9639 | D:11     | Noticed a rust devil
  9645 | D:11     | Killed a kobold demonologist
  9646 | D:11     | Reached skill level 1 in Ice Magic
  9962 | D:11     | Found an iron altar of Okawaru.
  9974 | D:11     | Reached skill level 5 in Fighting
 10215 | D:11     | Reached XP level 11. HP: 64/64 MP: 11/11
 10544 | D:12     | Reached ***** piety under Hepliaklqana
 10856 | D:12     | Noticed a cyclops
 10866 | D:12     | Killed a cyclops
 10867 | D:12     | Reached skill level 5 in Dodging
 10867 | D:12     | Reached skill level 5 in Shields
 11006 | D:12     | Noticed a manticore
 11011 | D:12     | Killed a manticore
 11076 | D:12     | Noticed Urug
 11079 | D:12     | Noticed a cyclops
 11111 | D:12     | Killed Urug
 11190 | D:12     | Killed a cyclops
 11662 | D:12     | Identified 2 scrolls of acquirement
 11662 | D:12     | Acquired the +0 buckler "Tefyffod" {Fly Int+4 SInv}
 11674 | D:12     | Acquired a +4 quick blade
 11739 | D:10     | Entered Level 10 of the Dungeon
 11818 | D:10     | Noticed a two-headed ogre
 11823 | D:10     | Killed a two-headed ogre
 11824 | D:10     | Reached skill level 5 in Stealth
 12816 | D:9      | Noticed a centaur warrior
 12827 | D:9      | Killed a centaur warrior
 12828 | D:9      | Reached XP level 12. HP: 33/75 MP: 12/12
 13302 | Orc:1    | Entered Level 1 of the Orcish Mines
 13432 | Orc:2    | Entered Level 2 of the Orcish Mines
 13435 | Orc:2    | Reached skill level 1 in Evocations
 14641 | Lair:1   | Noticed a four-headed hydra
 15037 | D:8      | Succumbed to a cane toad's poison

Illustrated notes

Levels and vault maps discovered:
D:1:      elethiomel_arrival_quiet, layout_basic, minmay_tetromino_s2
D:2:      layout_basic, hellmonk_ecumenical_altar_run_dry,
          minmay_parallelograms, uniq_crazy_yiuf_cottage
D:3:      layout_basic, lightli_sewer_entry_pipes
D:4:      layout_cave_pools, chequers_garden
D:5:      layout_cave_pods, kennysheep_mini
D:6:      layout_gridville, jmf_multi_god_temple, minmay_temple_entry_trees,
          uniq_sigmund
D:7:      layout_basic, minmay_misc_feat_roman, chequers_serial_rivers_marsh
D:8:      layout_loops_cross, nicolae_qazlal_style_of_elements,
          lemuel_mausoleum_altar_yredelemnul, lair_entry_dummy, uniq_psyche,
          uniq_maggie, uniq_joseph
D:9:      layout_cave_pools, orc_0_dummy
D:10:     layout_irregular_city, grunt_ogre_cave, minmay_misc_feat_iff
D:11:     layout_roguey, okawaru_humans, uniq_erica
D:12:     kennysheep_demon_hangout, layout_stronghold, minmay_misc_feat_plants,
          uniq_urug
Lair:1:   layout_regular_city
Orc:1:    layout_caves
Orc:2:    st_orc_congregation, layout_diamond_mine, uniq_josephine

Skill      XL: |  1  2  3  4  5  6  7  8  9 10 11 12 |
---------------+-------------------------------------+-----
Short Blades   | 3 4 5 6 7 9 11 13 14 | 14.6
Stealth        | 4 5 |  5.0
Fighting       | 5 8 9 |  9.7
Dodging        | 4 6 7 |  7.1
Shields        | 4 6 7 |  7.0
Ice Magic      | 1 4 |  4.0
Evocations     | 2 |  2.0

Action                   |  1- 3 |  4- 6 |  7- 9 | 10-12 || total
-------------------------+-------+-------+-------+-------++-------
Melee: Rapier            |    76 |   103 |       |       ||   179
       Constrict         |    24 |    24 |    41 |    58 ||   147
       Tentacles         |    13 |    25 |    50 |   137 ||   225
       Punch             |     1 |     2 |     6 |     5 ||    14
       Dagger            |       |    27 |   214 |   207 ||   448
       Scimitar          |       |       |       |    37 ||    37
       Quick blade       |       |       |       |   227 ||   227
Throw: Boomerang         |       |       |       |     2 ||     2
 Cast: Ozocubu's Armour  |       |       |       |     2 ||     2
Invok: Ancestor Identity |     1 |       |       |       ||     1
       Ancestor Life: He |       |     1 |       |       ||     1
       Recall Ancestor   |       |       |       |     1 ||     1
Evoke: Wand              |       |       |       |     3 ||     3
  Use: Potion            |       |     1 |    12 |    10 ||    23
       Scroll            |       |       |     7 |    11 ||    18
 Stab: Sleeping          |    13 |    11 |       |    10 ||    34
       Confused          |       |       |     4 |    13 ||    17
       Distracted        |       |       |     1 |     4 ||     5
Armor: Skin              |    14 |    27 |    23 |    44 ||   108
Dodge: Dodged            |    37 |    54 |    58 |   132 ||   281
Block: Buckler           |    11 |    51 |    39 |   129 ||   230
       Reflection        |       |     1 |     5 |    10 ||    16

Table legend: (Time is in decaauts)
 A = Elapsed time spent in this place.
 B = Non-inter-level travel time spent in this place.
 C = Inter-level travel time spent in this place.
 D = Time resting spent in this place.
 E = Time spent auto-exploring this place.
 F = Levels seen in this place.
 G = Mean time per level.
                   A        B        C        D        E       F      G
               +--------+--------+--------+--------+--------+-----+--------+
         Total |  14640 |  14142 |    498 |   3338 |   8705 |  16 |  915.0 |
       Dungeon |  12869 |  12409 |    460 |   2550 |   8167 |  12 | 1072.4 |
          Lair |    721 |    719 |      2 |    253 |    263 |   1 |  721.0 |
  Orcish Mines |    535 |    500 |     35 |    282 |    120 |   2 |  267.5 |
         Sewer |    513 |    513 |      0 |    253 |    155 |   1 |  513.0 |
               +--------+--------+--------+--------+--------+-----+--------+

Top non-repeatable levels by time:
     D:8: 2336 daAuts
     D:6: 1443 daAuts
    D:12: 1278 daAuts
     D:1: 1259 daAuts
    D:11: 1038 daAuts
     D:3: 1000 daAuts
    D:10: 897 daAuts
     D:2: 808 daAuts
     D:9: 790 daAuts
  Lair:1: 721 daAuts
     D:7: 718 daAuts
     D:5: 694 daAuts
     D:4: 603 daAuts
   Sewer: 513 daAuts
   Orc:2: 410 daAuts
